 Dungeon Sprint DCSS version 0.18-a0-1643-gb89d9db (webtiles) character file.

194301 Kidiri the Slayer (level 18, 0/212 HPs)
             Began as a Naga Fighter on Mar 28, 2016.
             Was the Champion of Cheibriados.
             Slain by Cerebov
             ... wielding the +6 Sword of Cerebov {flame}
              (1 damage)
             ... while paralysed by a giant eyeball
             ... in the Dungeon (Sprint V: "Ziggurat Sprint").
             The game lasted 00:19:01 (2292 turns).

Kidiri the Slayer (Naga Fighter)                    Turns: 2292, Time: 00:19:03

Health: 0/212      AC: 55    Str: 52    XL:     18   Next: 74%
Magic:  17/35      EV:  3    Int: 31    God:    Cheibriados [******]
Gold:   0          SH:  0    Dex: 27    Spells: 0 memorised, 17 levels left

rFire  . . .     SeeInvis +     L - +6 shillelagh "Devastator" {shatter}
rCold  + . .     Gourm    .     Q - +15 Maxwell's patent armour {-Cast -Tele rElec MR+ rCorr}
rNeg   + . .     Faith    .     R - +18 shield of the gong {rElec rN+ MR+ EV-5}
rPois  +         Spirit   .     c - +0 Maxwell's etheric cage {RegenMP+ *Contam rElec MP+4}
rElec  +         Dismiss  .     N - +2 cloak {rPois}
rCorr  +         Reflect  +     y - +0 pair of gloves "Hexzaqa" {Regen+ Int+3 Dex+4}
SustAt .         Harm     .     A - +2 naga barding {rC+}
MR     ++++.     NoTele   +     X - amulet "Kyawk" {Reflect SH+6 Stlth+}
Stlth  ++++...... NoCast   +    K - ring of Veguug {+Fly Str+5 Int+2 Dex-3}
                                D - +6 ring of strength

@: paralysed, flying (expiring), studying Stealth, very slow, incredibly
resistant to hostile enchantments, stealthy
A: repulsion field 1, slimy green scales 1, see invisible, clever 1, deformed
body, poison resistance, slowness 2, slow metabolism 1, spit poison 3, subdued
magic 2, constrict 1, AC +6
a: Breathe Poison Gas, Bend Time, Temporal Distortion, Slouch, Step From Time,
Renounce Religion


You were in the Dungeon.
You worshipped Cheibriados.
Cheibriados was exalted by your worship.
You were full.

You visited 1 branch

Inventory:

Hand Weapons
 L - the +6 shillelagh "Devastator" (weapon) {shatter}
   (You found it in the Dungeon)
 T - the +11 morningstar "Aczear" {freeze, rElec rPois Str+4 Dex-4}
   (You found it in the Dungeon)

   It has been specially enchanted to freeze those struck by it, causing extra
   injury to most foes and up to half again as much damage against particularly
   susceptible opponents.
   It can also slow down cold-blooded creatures.
   It affects your strength (+4).
   It affects your dexterity (-4).
   It insulates you from electricity.
   It protects you from poison.
Missiles
 b - a throwing net (quivered)
Armour
 c - the +0 Maxwell's etheric cage (worn) {RegenMP+ *Contam rElec MP+4}
   (You found it in the Dungeon)

   It insulates you from electricity.
   It affects your magic capacity (+4).
   It causes magical contamination when unequipped.
 y - the +0 pair of gloves "Hexzaqa" (worn) {Regen+ Int+3 Dex+4}
   (You found it in the Dungeon)

   It affects your intelligence (+3).
   It affects your dexterity (+4).
   It increases your rate of regeneration.
 A - a +2 naga barding of cold resistance (worn)
 N - a +2 cloak of poison resistance (worn)
 Q - the +15 Maxwell's patent armour (worn) {-Cast -Tele rElec MR+ rCorr}
   (You found it in the Dungeon)

   It insulates you from electricity.
   It affects your resistance to hostile enchantments.
   It prevents spellcasting.
   It prevents most forms of teleportation.
   It protects you from acid and corrosion.
 R - the +18 shield of the gong (worn) {rElec rN+ MR+ EV-5}
   (You found it in the Dungeon)

   It affects your evasion (-5).
   It insulates you from electricity.
   It protects you from negative energy.
   It affects your resistance to hostile enchantments.
Jewellery
 j - the ring "Vomenk" {Ice MR+++ Str-2 Slay-4}
   (You found it in the Dungeon)

   [ring of ice]

   It enhances your ice magic, and weakens your fire magic.
   It affects your strength (-2).
   It affects your accuracy and damage with ranged weapons and melee attacks
   (-4).
   It makes you vulnerable to fire.
   It protects you from cold.
   It affects your resistance to hostile enchantments.
 C - the ring "Ythrovvia" {+Blink rN+}
   (You found it in the Dungeon)

   [ring of positive energy]

   It protects you from negative energy.
   It lets you blink.
 D - a +6 ring of strength (left hand)
 K - the ring of Veguug (right hand) {+Fly Str+5 Int+2 Dex-3}
   (You found it in the Dungeon)

   [ring of intelligence]

   It affects your strength (+5).
   It affects your intelligence (+2).
   It affects your dexterity (-3).
   It lets you fly.
 X - the amulet "Kyawk" (around neck) {Reflect SH+6 Stlth+}
   (You found it in the Dungeon)

   [amulet of reflection]

   It shields you and reflects attacks.
   It affects your SH (+6).
   It makes you more stealthy.
Wands
 F - a wand of disintegration (7/24)
 G - a wand of iceblast (5/15)
 H - a wand of lightning (5/15)
 I - a wand of acid (5/15)
Scrolls
 a - a scroll of brand weapon
 k - 4 scrolls of blinking
 q - 4 scrolls of amnesia
 r - 3 scrolls of recharging
 s - 7 scrolls of fog
 t - 2 scrolls of holy word
 u - 5 scrolls of identify
 v - 5 scrolls of remove curse
 w - 2 scrolls of fear
Potions
 d - 6 potions of might
 e - 10 potions of curing
 g - 11 potions of heal wounds
 i - 6 potions of magic
 l - 2 potions of brilliance
 m - 2 potions of invisibility
 n - 4 potions of resistance
 p - 5 potions of agility
Books
 E - a manual of Stealth
Comestibles
 f - 5 bread rations
 h - 3 royal jellies
 x - 42 fruits
 z - 2 meat rations


   Skills:
 * Level 25.4 Fighting
 * Level 24.3 Maces & Flails
 * Level 21.3 Armour
 * Level 22.1 Dodging
 + Level 14.1 Stealth
 * Level 21.3 Shields
 + Level 19.9 Invocations


You had 17 spell levels left.
You didn't know any spells.

Dungeon Overview and Level Annotations

Branches:
Dungeon (1/1)

Altars:
Ashenzari
Cheibriados
Dithmenos
Elyvilon
Fedhas
Gozag
Kikubaaqudgha
Makhleb
Nemelex Xobeh
Okawaru
Pakellas
Qazlal
Ru
Sif Muna
Trog
Vehumet
Xom
Yredelemnul
Zin
The Shining One
Beogh
Jiyva
Lugonu

Annotations:
D exclusion: Roxanne, Antaeus, Cerebov, Dispater, Lom Lobon, Roxanne, Tiamat


Innate Abilities, Weirdness & Mutations

You cannot wear boots.
Your serpentine skin is tough (AC +6).
You have supernaturally acute eyesight.
Armour fits poorly on your strangely shaped body.
Your system is resistant to poisons.
You cover ground very slowly.
You have a slow metabolism.
You can exhale a cloud of poison.
You can use your snake-like lower body to constrict enemies.
You are surrounded by a mild repulsion field (EV +2).
You are partially covered in slimy green scales (AC +2).
Your mind is acute. (Int +2)
Your spells are easier to cast, but less powerful.


Message History

The giant eyeball dissolves into a puddle of slime!
Antaeus hits you! Antaeus freezes you!! You resist.
Antaeus hits you but does no damage.
Saint Roka calls down the wrath of Beogh upon you.
Beogh smites you!
Dispater gestures.
Cerebov hits you but does no damage.
Tiamat hits you with a vampiric bardiche!!!
* * * LOW HITPOINT WARNING * * *
Tiamat tail-slaps you but does no damage.
You are engulfed in raging winds.
* * * LOW HITPOINT WARNING * * *
Saint Roka dies!
Your Stealth skill increases to level 14!
The winds around Lom Lobon start to calm down.
Antaeus sneers, "Thy life force shall be my luncheon!"
Cerebov hits you with a great serpentine sword {flame}!
* * * LOW HITPOINT WARNING * * *
Cerebov burns you.
You die...

............... ........
▓▓▓▓▓▓▓▓▓▓▓▓▓▓▓▓▓........
...§§8§8§§§§§§§▓▓▓▓▓▓▓▓▓
..[|§§§§§§§8§2§§▓......8©
.:..§§§§§§§§§§§§▓..}")=)[
.=)|§§§§§&§§§§§§▓..})}=\[
....§§§§§§§§§§§§▓....::)=
....§§§§C&§*§§§§▓....))..
....§§§§@§d§§§§§▓........
....§§§&§§§§§§§§▓........
....§§§§§§§§§§§§▓........
....§§§§§§§§§§§§▓........
....§§§§§§§§§§§§▓........
................▓...▓....
.).▓.......▓....▓..▓▓▓...
..▓▓▓.....▓▓▓...▓...▓....
...▓.......▓....▓........


You could see Antaeus, Cerebov, Dispater, Lom Lobon, Tiamat, Roxanne and a
hellion.

Vanquished Creatures
  19 pandemonium lords (D)
  Mara (D)
  Boris (D)
  Norris (D)
  the Enchantress (D)
  A profane servitor (D)
  2 bone dragons (D)
  4 liches (D)
  Rupert (D)
  A Hell Sentinel (D)
  An Executioner (D)
  An eldritch tentacle (D)
  2 shadow dragons (D)
  Chuck (D)
  2 balrugs (D)
  Maud (D)
  Aizul (D)
  An angel (D)
  3 reapers (D)
  Nessos (D)
  5 stone giants (D)
  2 very ugly things (D)
  4 merfolk javelineers (D)
  10 vault guards (D)
  2 blizzard demons (D)
  5 merfolk impalers (D)
  A yaktaur captain (D)
  An alligator snapping turtle (D)
  2 merfolk aquamancers (D)
  A merfolk avatar (D)
  A dancing weapon (D)
  3 thrashing horrors (D)
  A soul eater (D)
  A deep elf knight (D)
  3 hell knights (D)
  A shadow wraith (D)
  3 wretched stars (D)
  A fire crab (shapeshifter) (D)
  2 skeletal warriors (D)
  A flayed ghost (D)
  A swamp dragon (shapeshifter) (D)
  A lindwurm (shapeshifter) (D)
  2 deep elf archers (D)
  A gelid demonspawn (D)
  A harpy (D)
  3 necromancers (D)
  An ugly thing (D)
  4 deep elf magi (D)
  A shining eye (D)
  A cyclops (D)
  4 manticores (D)
  A manticore (shapeshifter) (D)
  2 rust devils (D)
  Psyche (D)
  Maurice (D)
  2 naga magi (D)
  2 black mambas (D)
  A siren (D)
  3 hellions (D)
  2 yaktaurs (D)
  5 tormentors (D)
  5 red devils (D)
  3 ancient zymes (D)
  5 large abominations (D)
  4 merfolk (D)
  A wind drake (D)
  A blink frog (shapeshifter) (D)
  2 raiju (D)
  3 snapping turtles (D)
  A vampire (D)
  4 starcursed masses (D)
  5 flying skulls (D)
  A water elemental (D)
  Sigmund (D)
  4 wraiths (D)
  5 shadows (D)
  Eustachio (D)
  2 neqoxecs (D)
  A hippogriff (D)
  7 small abominations (D)
  Edmund (D)
  5 nagas (D)
  7 hell hounds (D)
  4 water moccasins (D)
  Duvessa (D)
  2 orc warriors (D)
  6 necrophages (D)
  2 centaurs (D)
  3 phantoms (D)
  Blork the orc (D)
  6 wights (D)
  2 quasits (D)
  2 iron imps (D)
  2 orc priests (D)
  3 orc wizards (D)
  2 sheep (D)
  A mummy (D)
  An adder (D)
  A shadow imp (D)
  2 white imps (D)
  4 ufetubi (D)
  8 adder skeletons (D)
  6 adder zombies (D)
  5 ball lightnings (D)
  An adder simulacrum (D)
  An orc (D)
  3 ball pythons (D)
  4 bat skeletons (D)
  4 bat zombies (D)
  A ball python skeleton (D)
  4 giant cockroach zombies (D)
  2 giant gecko skeletons (D)
  3 giant gecko zombies (D)
  A jackal simulacrum (D)
  A jackal skeleton (D)
  A jackal zombie (D)
  2 quokka zombies (D)
297 creatures vanquished.

Vanquished Creatures (others)
  Dissolution (D)
  the Serpent of Hell (D)
  Saint Roka (D)
  Frederick (D)
  2 pandemonium lords (D)
  Polyphemus (D)
  An eldritch tentacle (D)
  Ilsuiw (D)
  Louise (D)
  Sonja (D)
  2 spatial maelstroms (D)
  Jessica (D)
  2 bat zombies (D)
  72 eldritch tentacle segments (D)
88 creatures vanquished.

Grand Total: 385 creatures vanquished

Notes
Turn   | Place    | Note
--------------------------------------------------------------
     0 | D        | Kidiri the Naga Fighter began the quest for the Orb.
     0 | D        | Reached XP level 1. HP: 21/21 MP: 1/1
     0 | D        | Banished a spatial maelstrom
     4 | D        | Found a viscous altar of Jiyva.
     4 | D        | Found a roughly hewn altar of Beogh.
     4 | D        | Found a corrupted altar of Lugonu.
     4 | D        | Found a white marble altar of Elyvilon.
     4 | D        | Found a sparkling altar of Nemelex Xobeh.
     5 | D        | Found a burning altar of Makhleb.
     5 | D        | Found an iron altar of Okawaru.
     5 | D        | Found a deep blue altar of Sif Muna.
     5 | D        | Found a radiant altar of Vehumet.
     5 | D        | Found a bloodstained altar of Trog.
     5 | D        | Found a shimmering altar of Xom.
    13 | D        | Banished a spatial maelstrom
    43 | D        | Became a worshipper of Cheibriados the Contemplative
   102 | D        | Reached skill level 4 in Fighting
   102 | D        | Reached XP level 2. HP: 28/30 MP: 1/3
   126 | D        | Entered arena 1.
   131 | D        | Reached XP level 3. HP: 29/37 MP: 3/5
   135 | D        | Reached XP level 4. HP: 34/45 MP: 3/6
   210 | D        | Entered arena 2.
   210 | D        | Noticed a water moccasin
   210 | D        | Noticed a naga
   213 | D        | Reached * piety under Cheibriados
   214 | D        | Killed a water moccasin
   214 | D        | Reached ** piety under Cheibriados
   214 | D        | Reached skill level 5 in Fighting
   214 | D        | Reached skill level 5 in Maces & Flails
   214 | D        | Reached XP level 5. HP: 51/55 MP: 6/8
   215 | D        | Killed a naga
   215 | D        | Reached skill level 6 in Fighting
   215 | D        | Reached skill level 5 in Armour
   215 | D        | Reached skill level 5 in Shields
   215 | D        | Reached XP level 6. HP: 57/63 MP: 6/9
   235 | D        | Entered arena 3.
   235 | D        | Noticed a phantom
   235 | D        | Noticed a necrophage
   235 | D        | Noticed a necrophage
   237 | D        | Reached *** piety under Cheibriados
   239 | D        | Killed a necrophage
   239 | D        | Reached skill level 5 in Dodging
   239 | D        | Killed a necrophage
   239 | D        | Reached skill level 5 in Invocations
   239 | D        | Reached XP level 7. HP: 70/70 MP: 10/10
   252 | D        | Reached skill level 7 in Fighting
   367 | D        | Entered arena 4.
   367 | D        | Noticed a deep elf knight
   367 | D        | Noticed a deep elf mage
   367 | D        | Noticed a deep elf mage
   367 | D        | Noticed a deep elf archer
   368 | D        | Noticed a tarantella
   374 | D        | Killed a deep elf mage
   374 | D        | Reached **** piety under Cheibriados
   374 | D        | Reached XP level 8. HP: 79/81 MP: 10/12
   374 | D        | Killed a deep elf knight
   374 | D        | Reached skill level 8 in Fighting
   376 | D        | Noticed a jumping spider
   376 | D        | Noticed a demonic crawler
   376 | D        | Killed a deep elf mage
   376 | D        | Reached ***** piety under Cheibriados
   376 | D        | Reached skill level 9 in Fighting
   376 | D        | Reached XP level 9. HP: 76/91 MP: 10/14
   386 | D        | Killed a deep elf archer
   461 | D        | Entered arena 5.
   461 | D        | Noticed a deep elf mage
   461 | D        | Noticed a deep elf archer
   461 | D        | Noticed a deep elf mage
   461 | D        | Noticed a halberd of protection
   462 | D        | Killed a halberd of protection
   462 | D        | Reached skill level 10 in Fighting
   463 | D        | Killed a deep elf mage
   463 | D        | Reached skill level 10 in Maces & Flails
   463 | D        | Reached XP level 10. HP: 94/102 MP: 14/15
   463 | D        | Killed a deep elf mage
   463 | D        | Killed a deep elf archer
   477 | D        | Entered arena 6.
   498 | D        | Got the ring "Vomenk" {Ice MR+++ Str-2 Slay-4}
   522 | D        | Entered arena 7.
   522 | D        | Noticed a black mamba
   522 | D        | Noticed a naga mage
   523 | D        | Killed a black mamba
   523 | D        | Reached ****** piety under Cheibriados
   523 | D        | Reached skill level 11 in Fighting
   524 | D        | Killed a naga mage
   627 | D        | Entered arena 8.
   627 | D        | Noticed a cyclops
   632 | D        | Killed a cyclops
   632 | D        | Reached XP level 11. HP: 105/111 MP: 15/17
   747 | D        | Entered arena 9.
   748 | D        | Reached skill level 10 in Armour
   748 | D        | Reached skill level 10 in Shields
   778 | D        | Entered arena 10.
   823 | D        | Entered arena 11.
   823 | D        | Noticed a manticore
   823 | D        | Noticed a swamp dragon
   823 | D        | Noticed a shining eye
   823 | D        | Noticed a moth of wrath
   823 | D        | a jumping spider changed into a moth of wrath
   823 | D        | Gained mutation: You are frail (-10% HP). [a shining eye]
   824 | D        | Noticed a fire crab
   824 | D        | Noticed a brown very ugly thing
   824 | D        | Noticed a white very ugly thing
   824 | D        | Noticed a lindwurm
   824 | D        | a moth of wrath changed into a lindwurm
   825 | D        | Killed a manticore
   825 | D        | Killed a fire crab
   825 | D        | Reached skill level 12 in Fighting
   825 | D        | Reached skill level 10 in Dodging
   825 | D        | Gained mutation: Your spells are a little easier to cast, but a little less powerful. [a shining eye]
   826 | D        | Noticed a cyan ugly thing
   826 | D        | Killed a swamp dragon
   826 | D        | Killed a white very ugly thing
   826 | D        | Killed a lindwurm
   826 | D        | Gained mutation: You are very frail (-20% HP). [a shining eye]
   827 | D        | Killed a brown very ugly thing
   827 | D        | Reached skill level 10 in Invocations
   827 | D        | Killed a shining eye
   830 | D        | Killed a cyan ugly thing
   854 | D        | Gained mutation: You can exhale a cloud of poison. [mutagenic meat]
   855 | D        | Lost mutation: You are very frail (-20% HP). [mutagenic meat]
   856 | D        | Gained mutation: You are partially covered in slimy green scales (AC +2). [mutagenic meat]
   857 | D        | Gained mutation: You are clumsy. (Dex -2) [mutagenic meat]
   858 | D        | Gained mutation: Your mind is acute. (Int +2) [mutagenic meat]
   859 | D        | Gained mutation: You are surrounded by a mild repulsion field (EV +2). [mutagenic meat]
   860 | D        | Lost mutation: You are frail (-10% HP). [mutagenic meat]
   867 | D        | Lost mutation: You are clumsy. (Dex -2) [mutagenic meat]
   869 | D        | Gained mutation: Your spells are easier to cast, but less powerful. [mutagenic meat]
   907 | D        | Entered arena 12.
   907 | D        | Noticed a manticore
   907 | D        | Noticed a merfolk impaler
   907 | D        | Noticed a merfolk javelineer
   907 | D        | Noticed a merfolk javelineer
   907 | D        | Noticed a merfolk impaler
   907 | D        | Noticed a merfolk impaler
   908 | D        | Noticed a manticore
   908 | D        | Noticed a merfolk aquamancer
   910 | D        | Killed a manticore
   910 | D        | Reached XP level 12. HP: 109/123 MP: 18/19
   910 | D        | Reached skill level 13 in Fighting
   911 | D        | Killed a merfolk impaler
   911 | D        | Killed a merfolk javelineer
   911 | D        | Killed a merfolk javelineer
   911 | D        | Killed a merfolk impaler
   911 | D        | Killed a merfolk aquamancer
   915 | D        | Killed a merfolk impaler
  1046 | D        | Entered arena 13.
  1049 | D        | Reached skill level 14 in Fighting
  1181 | D        | Entered arena 14.
  1182 | D        | Noticed a wretched star
  1183 | D        | Noticed a thrashing horror
  1183 | D        | Noticed a thrashing horror
  1183 | D        | Noticed a starcursed mass
  1183 | D        | Killed a thrashing horror
  1183 | D        | Killed a thrashing horror
  1183 | D        | Gained mutation: You can use your snake-like lower body to constrict enemies. [Naga growth]
  1183 | D        | Reached XP level 13. HP: 136/136 MP: 21/21
  1185 | D        | Reached skill level 15 in Fighting
  1188 | D        | Noticed a bone dragon
  1205 | D        | Killed a bone dragon
  1215 | D        | Got the ring "Ythrovvia" {+Blink rN+}
  1286 | D        | Entered arena 15.
  1292 | D        | Reached skill level 16 in Fighting
  1293 | D        | Noticed a reaper
  1305 | D        | Killed a reaper
  1351 | D        | Entered arena 16.
  1354 | D        | Noticed a merfolk javelineer
  1354 | D        | Noticed a merfolk javelineer
  1355 | D        | Noticed a merfolk impaler
  1355 | D        | Noticed a merfolk impaler
  1357 | D        | Reached skill level 15 in Maces & Flails
  1358 | D        | Killed a merfolk javelineer
  1358 | D        | Killed a merfolk impaler
  1358 | D        | Killed a merfolk javelineer
  1358 | D        | Reached skill level 17 in Fighting
  1358 | D        | Reached skill level 15 in Dodging
  1358 | D        | Killed a merfolk impaler
  1505 | D        | Entered arena 17.
  1510 | D        | Noticed a lich
  1511 | D        | Reached XP level 14. HP: 29/154 MP: 23/23
  1513 | D        | Killed a lich
  1514 | D        | HP: 7/154 [hell knight/bolt of fire (28)]
  1517 | D        | Reached skill level 18 in Fighting
  1544 | D        | Got the ring of Veguug {+Fly Str+5 Int+2 Dex-3}
  1609 | D        | Entered arena 18.
  1612 | D        | Noticed a reaper
  1618 | D        | Killed a reaper
  1671 | D        | Entered arena 19.
  1676 | D        | Noticed a lich
  1676 | D        | Noticed a stone giant
  1676 | D        | Noticed a lich
  1676 | D        | Noticed a stone giant
  1676 | D        | Noticed a stone giant
  1676 | D        | Noticed a shadow dragon
  1676 | D        | Noticed a shadow dragon
  1676 | D        | Noticed a stone giant
  1677 | D        | Noticed a stone giant
  1679 | D        | Killed a lich
  1679 | D        | Killed a lich
  1680 | D        | Killed a stone giant
  1680 | D        | Reached skill level 15 in Shields
  1680 | D        | Killed a stone giant
  1680 | D        | Reached skill level 19 in Fighting
  1680 | D        | Reached skill level 15 in Armour
  1681 | D        | Killed a stone giant
  1681 | D        | Killed a stone giant
  1681 | D        | Reached XP level 15. HP: 156/166 MP: 14/25
  1682 | D        | Killed a shadow dragon
  1691 | D        | Killed a shadow dragon
  1714 | D        | Got the cursed ring "Xapol" {rElec rN+ Str+2 Int-3}
  1763 | D        | Got the +11 morningstar "Aczear" {freeze, rElec rPois Str+4 Dex-4}
  1779 | D        | Entered arena 20.
  1784 | D        | Noticed a bone dragon
  1788 | D        | Noticed a profane servitor
  1798 | D        | Killed a profane servitor
  1810 | D        | Killed a bone dragon
  1810 | D        | Reached skill level 20 in Fighting
  1848 | D        | Got the amulet "Kyawk" {Reflect SH+6 Stlth+}
  1941 | D        | Entered arena 21.
  1945 | D        | Noticed Yfocled the pandemonium lord
  1945 | D        | Noticed a Hell Sentinel
  1945 | D        | Noticed Naudd the pandemonium lord
  1945 | D        | Noticed an angel
  1946 | D        | Noticed Pockes the pandemonium lord
  1946 | D        | Noticed Tudedeot the pandemonium lord
  1946 | D        | Noticed Banam the pandemonium lord
  1946 | D        | Noticed Yproudots the pandemonium lord
  1946 | D        | Noticed Jiolyth the pandemonium lord
  1946 | D        | Noticed Jarphi the pandemonium lord
  1946 | D        | Noticed Jihihye the pandemonium lord
  1946 | D        | Noticed Mesunop the pandemonium lord
  1946 | D        | Noticed Xeotteza the pandemonium lord
  1946 | D        | Noticed Sainotes the pandemonium lord
  1947 | D        | Noticed an Executioner
  1947 | D        | Noticed Qedoasil the pandemonium lord
  1947 | D        | Noticed Laecuivi the pandemonium lord
  1948 | D        | Killed an angel
  1948 | D        | Reached skill level 15 in Invocations
  1948 | D        | Killed Banam the pandemonium lord
  1948 | D        | Killed Yfocled the pandemonium lord
  1949 | D        | Noticed Zyacloto the pandemonium lord
  1949 | D        | Noticed Baucu the pandemonium lord
  1949 | D        | Killed an Executioner
  1949 | D        | Reached XP level 16. HP: 177/180 MP: 18/27
  1950 | D        | Noticed Mef Xubb the pandemonium lord
  1950 | D        | Killed Sainotes the pandemonium lord
  1950 | D        | Killed Jihihye the pandemonium lord
  1950 | D        | Reached skill level 21 in Fighting
  1950 | D        | Killed a Hell Sentinel
  1950 | D        | Killed Naudd the pandemonium lord
  1951 | D        | Noticed Cuos the pandemonium lord
  1951 | D        | Noticed Onucubb the pandemonium lord
  1951 | D        | Noticed Zaytatud the pandemonium lord
  1951 | D        | Killed Jarphi the pandemonium lord
  1951 | D        | Killed Xeotteza the pandemonium lord
  1951 | D        | Killed Qedoasil the pandemonium lord
  1951 | D        | Reached skill level 22 in Fighting
  1951 | D        | Killed Baucu the pandemonium lord
  1952 | D        | Noticed Cisise the pandemonium lord
  1953 | D        | Noticed a Hell Sentinel
  1953 | D        | Killed Jiolyth the pandemonium lord
  1953 | D        | Reached XP level 17. HP: 186/194 MP: 26/29
  1954 | D        | Noticed an eldritch tentacle
  1954 | D        | Killed Mesunop the pandemonium lord
  1954 | D        | Killed Zyacloto the pandemonium lord
  1954 | D        | Killed Yproudots the pandemonium lord
  1954 | D        | Reached skill level 23 in Fighting
  1954 | D        | Killed Tudedeot the pandemonium lord
  1954 | D        | Killed Laecuivi the pandemonium lord
  1955 | D        | Killed Pockes the pandemonium lord
  1957 | D        | Killed Mef Xubb the pandemonium lord
  1957 | D        | Killed Zaytatud the pandemonium lord
  1960 | D        | Killed Cuos the pandemonium lord
  1960 | D        | Killed Cisise the pandemonium lord
  1961 | D        | Paralysed by a giant eyeball for 2 turns
  1966 | D        | Killed Onucubb the pandemonium lord
  1966 | D        | Reached skill level 24 in Fighting
  1972 | D        | Killed an eldritch tentacle
  1996 | D        | Got the +0 pair of gloves "Hexzaqa" {Regen+ Int+3 Dex+4}
  2145 | D        | Entered arena 22.
  2155 | D        | Reached XP level 18. HP: 65/207 MP: 25/31
  2156 | D        | Noticed a lich
  2159 | D        | Killed a lich
  2277 | D        | Entered arena 23.
  2284 | D        | Noticed the Enchantress
  2284 | D        | Noticed Louise
  2284 | D        | Noticed Edmund
  2284 | D        | Noticed Mara
  2284 | D        | Noticed Jessica
  2284 | D        | Noticed Tiamat
  2284 | D        | Noticed Sonja
  2284 | D        | Noticed Norris
  2284 | D        | Noticed Nessos
  2284 | D        | Noticed Ilsuiw
  2284 | D        | Noticed Chuck
  2284 | D        | Noticed Boris
  2284 | D        | Noticed Rupert
  2284 | D        | Noticed Maurice
  2284 | D        | Noticed Frederick
  2284 | D        | Noticed Sigmund
  2285 | D        | Noticed Cerebov
  2285 | D        | Noticed Lom Lobon
  2285 | D        | Noticed Aizul
  2285 | D        | Noticed Duvessa
  2285 | D        | Noticed Eustachio
  2285 | D        | Noticed Maud
  2285 | D        | Noticed Psyche
  2286 | D        | Noticed Dissolution
  2286 | D        | Noticed Saint Roka
  2286 | D        | Noticed Polyphemus
  2286 | D        | Noticed Antaeus
  2286 | D        | Noticed Dispater
  2286 | D        | Noticed Roxanne
  2286 | D        | Killed Sonja
  2287 | D        | Noticed a quicksilver dragon
  2287 | D        | Noticed Blork the orc
  2287 | D        | Noticed the Serpent of Hell
  2287 | D        | Killed Sigmund
  2287 | D        | Killed Jessica
  2287 | D        | Killed Maurice
  2287 | D        | Killed Psyche
  2287 | D        | Reached skill level 1 in Stealth
  2287 | D        | Killed Nessos
  2287 | D        | Killed Duvessa
  2287 | D        | Killed Edmund
  2287 | D        | Killed Blork the orc
  2288 | D        | Killed the Enchantress
  2288 | D        | Killed Aizul
  2288 | D        | Reached skill level 5 in Stealth
  2288 | D        | Killed Louise
  2289 | D        | Noticed Kidiri's illusion
  2289 | D        | Killed Rupert
  2289 | D        | Killed Chuck
  2289 | D        | Killed Maud
  2289 | D        | Killed Mara
  2289 | D        | Killed Frederick
  2289 | D        | Killed Ilsuiw
  2289 | D        | Killed Polyphemus
  2290 | D        | Killed Norris
  2290 | D        | Reached skill level 10 in Stealth
  2290 | D        | Killed Boris
  2290 | D        | Reached skill level 25 in Fighting
  2290 | D        | Killed Eustachio
  2290 | D        | Killed the Serpent of Hell
  2290 | D        | Killed Dissolution
  2290 | D        | Paralysed by a giant eyeball for 3 turns
  2292 | D        | Killed Saint Roka
  2292 | D        | HP: 1/212 [Cerebov/great serpentine sword {flame} (15)]
  2292 | D        | Identified the +6 Sword of Cerebov {flame}
  2292 | D        | Slain by Cerebov

Vault maps used:
D:        sprint_v

Skill      XL: |  1  2  3  4  5  6  7  8  9 10 11 12 13 14 15 16 17 18 |
---------------+-------------------------------------------------------+-----
Fighting       | 4 5 6 7 9 10 11 12 14 17 19 20 22 24 25 | 25.4
Maces & Flails | 3 4 5 6 7 8 10 11 12 14 15 17 19 21 23 24 | 24.3
Armour         | 3 4 5 6 7 8 9 11 12 13 15 16 18 20 21 | 21.3
Dodging        | 2 3 4 5 6 7 8 9 10 13 15 16 18 19 21 22 | 22.1
Shields        | 3 4 5 6 7 8 9 11 12 13 15 16 18 20 21 | 21.3
Invocations    | 2 3 4 5 6 7 8 10 11 12 14 15 17 18 19 | 19.9
Stealth        | 14 | 14.1

Action                   |  1- 3 |  4- 6 |  7- 9 | 10-12 | 13-15 | 16-18 || total
-------------------------+-------+-------+-------+-------+-------+-------++-------
Melee: Shillelagh        |     7 |     6 |    18 |    11 |    70 |    23 ||   135
Invok: Slouch            |       |       |     2 |    19 |    26 |    18 ||    65
       Bend Time         |       |       |       |       |     1 |       ||     1
 Abil: Spit Poison       |     1 |     2 |     2 |       |       |       ||     5
       Breathe Poison Ga |       |       |       |       |     1 |       ||     1
  Use: Potion            |     1 |       |       |       |     1 |     1 ||     3
       Scroll            |       |       |       |     1 |       |     1 ||     2
  Eat: Chunk             |       |       |       |    14 |       |     3 ||    17
       Meat ration       |       |       |       |       |     1 |     1 ||     2
